 Dungeon Crawl Stone Soup version 0.16-a0-4108-g6e49b0d (webtiles) character file.

1176 Kaesh the Nimble (level 8, -4/42 HPs)
             Began as a Spriggan Berserker on Feb 26, 2015.
             Was a High Priest of Trog.
             Killed by divine providence
             ... invoked by an orc priest
              (13 damage)
             ... on level 4 of the Dungeon.
             The game lasted 00:59:24 (7362 turns).

Kaesh the Nimble (Spriggan Berserker)               Turns: 7362, Time: 00:59:25

Health: -4/42      AC:  2    Str: 15    XL:     8   Next: 18%
Magic:  5/5        EV: 25    Int:  8    God:    Trog [*****.]
Gold:   208        SH:  0    Dex: 16    Spells: 0 memorised, 7 levels left

rFire  . . .     SeeInvis +     C - +1 rapier (antimagic)
rCold  . . .     Clarity  .     b - +0 animal skin
rNeg   . . .     SustAb   .     (shield restricted)
rPois  .         Gourm    .     (helmet restricted)
rElec  .         Spirit   .     (no cloak)
rCorr  .         Warding  .     (gloves unavailable)
rMut   .         Stasis   .     (boots unavailable)
MR     +....                    (no amulet)
Stlth  +++.......               (no ring)
                                (no ring)

@: exhausted, slowed, quick, somewhat resistant to hostile enchantments, fairly
stealthy
A: unfitting armour, see invisible, herbivore 3, speed 3, slow metabolism 2
a: Burn Spellbooks, Berserk, Trog's Hand, Brothers in Arms, Renounce Religion


You were on level 4 of the Dungeon.
You worshipped Trog.
Trog was extremely pleased with you.
You were not hungry.

You visited 1 branch of the dungeon, and saw 4 of its levels.

You collected 208 gold pieces.

Inventory:

Hand weapons
 a - a +0 short sword
 g - a +0 short sword
 k - a +1 dagger of venom
 u - a +0 dagger of venom
 B - a +0 short sword
 C - a +1 antimagic rapier (weapon)
Missiles
 v - 7 tomahawks of returning (quivered)
Armour
 b - a +0 animal skin (worn)
Jewellery
 i - an uncursed amulet of the gourmand {unknown}
 t - an uncursed amulet of regeneration {unknown}
 x - an uncursed ring of flight {unknown}
 z - an uncursed amulet of stasis {unknown}
Magical devices
 A - a wand of paralysis (14)
 E - a wand of draining (5)
Scrolls
 d - a scroll of fear {unknown}
 e - a scroll of blinking {unknown}
 f - 2 scrolls of immolation {unknown}
 o - 6 scrolls of enchant weapon {unknown}
 p - a scroll of enchant armour {unknown}
 q - a scroll of identify {unknown}
 w - a scroll of magic mapping {unknown}
 y - a scroll of fog {unknown}
Potions
 h - 2 potions of curing {unknown}
 j - a potion of haste {unknown}
 l - 2 potions of might
 m - a potion of poison {unknown}
 n - a potion of lignification {unknown}
 r - a potion of heal wounds {unknown}
 s - a potion of ambrosia {unknown}
 D - a potion of agility {unknown}
Comestibles
 c - 2 bread rations


   Skills:
 + Level 4.3 Fighting
 + Level 5.9 Short Blades
 + Level 1.6 Armour
 + Level 9.9 Dodging
 + Level 4.5 Stealth


You had 7 spell levels left.
You didn't know any spells.

Dungeon Overview and Level Annotations

Branches:
Dungeon (4/15)
 Temple: D:4-7

Altars:
Sif Muna
Trog


Innate Abilities, Weirdness & Mutations

You are tiny and cannot use many weapons and most armour.
You have supernaturally acute eyesight.
You are a herbivore.
You cover ground extremely quickly.
You need consume almost no food.


Message History

You hit the orc wizard.
The orc wizard's magic leaks into the air.
The orc wizard is moderately wounded.
The orc priest becomes somewhat translucent.
You miss the orc wizard.
The orc wizard is moderately wounded.
The orc wizard closely misses you. The orc wizard casts a spell at you.
The puff of frost misses you.
The orc wizard points at you and mumbles some strange words.
The magic dart hits you!
The orc wizard gestures wildly while chanting.
The orc wizard flickers and vanishes for a moment.
The orc priest invokes the aid of Beogh against you.
Something smites you!
* * * LOW HITPOINT WARNING * * *
The orc wizard becomes somewhat translucent.
The orc priest invokes the aid of Beogh against you.
Something smites you!
You die...

.........# ############# ######
.........# #...........# #.....
.........# #...........# ###.####
.........# #...........# #.......
.........###.....!.....###.......
..........).............##.......
...............................>.
.........##.............##.......
.[.......##...%.@.......##.......
........)##.........o...##.......
.........##..............).......
..........#..............).......
........#.#....).......o.........
........#.#.............o........
##.######.##..#########..........
##.# ##.##..####### #..........
.... #............# #..........


You could see an orc priest and an orc wizard (invisible).

Vanquished Creatures
  A water moccasin (D:3)
  An eye of draining (D:3)
  An ogre (D:3)
  Blork the orc (D:4)
  An orc priest (D:4)
  An iguana (D:4)
  A gnoll shaman (D:3)
  5 orc wizards
  2 worker ants (D:4)
  A hound skeleton (D:4)
  38 gnolls (D:3)
  5 adders
  A worm (D:3)
  3 giant geckos
  An ooze (D:2)
  8 orcs
  4 ball pythons (D:2)
  A bat skeleton (D:4)
  18 goblins
  15 hobgoblins
  15 bats
  7 giant cockroaches
  6 giant newts
  18 jackals
  10 kobolds
  A quokka (D:4)
  5 rats
171 creatures vanquished.

Notes
Turn   | Place    | Note
--------------------------------------------------------------
     0 | D:1      | Kaesh, the Spriggan Berserker, began the quest for the Orb.
     0 | D:1      | Reached XP level 1. HP: 11/11 MP: 2/2
   114 | D:1      | Reached XP level 2. HP: 11/16 MP: 4/4
   227 | D:1      | Acquired Trog's second power
   467 | D:1      | Reached XP level 3. HP: 10/19 MP: 6/6
  1543 | D:2      | Reached skill level 4 in Dodging
  1639 | D:2      | Reached XP level 4. HP: 21/24 MP: 8/8
  2080 | D:3      | Acquired Trog's third power
  2082 | D:3      | Reached skill level 1 in Stealth
  2176 | D:3      | Found a bloodstained altar of Trog.
  2176 | D:3      | Noticed an eye of draining
  2180 | D:3      | Noticed a water moccasin
  2212 | D:3      | Killed a water moccasin
  2212 | D:3      | Reached skill level 6 in Dodging
  2212 | D:3      | Reached XP level 5. HP: 18/28 MP: 6/10
  2393 | D:3      | Killed an eye of draining
  2393 | D:3      | Reached XP level 6. HP: 32/32 MP: 0/12
  2696 | D:3      | Reached skill level 7 in Dodging
  2700 | D:3      | Received a gift from Trog
  3928 | D:3      | Reached skill level 5 in Short Blades
  3928 | D:3      | Reached skill level 8 in Dodging
  4164 | D:3      | Reached XP level 7. HP: 36/36 MP: 14/14
  4965 | D:3      | Noticed an ogre
  5050 | D:3      | Killed an ogre
  5137 | D:3      | Reached skill level 9 in Dodging
  5291 | D:3      | Found a deep blue altar of Sif Muna.
  6762 | D:4      | Reached XP level 8. HP: 42/42 MP: 16/16
  7005 | D:4      | Noticed Blork the orc
  7015 | D:4      | Killed Blork the orc
  7034 | D:4      | Received a gift from Trog
  7362 | D:4      | Killed from afar by an orc priest

Action                   |  1- 3 |  4- 6 |  7- 9 || total
-------------------------+-------+-------+-------++-------
Melee: Short sword       |    79 |       |       ||    79
       Dagger            |    77 |   247 |   225 ||   549
       Rapier            |       |       |    13 ||    13
Throw: Tomahawk          |       |       |     2 ||     2
Invok: Berserk           |     3 |     7 |     8 ||    18
 Stab: Sleeping          |     1 |       |     2 ||     3
  Eat: Bread ration      |     1 |     1 |     2 ||     4
       Fruit             |       |     1 |       ||     1
